 Dungeon Crawl Stone Soup version 0.27-a0-417-g317cea8a3c (webtiles) character file.

Game seed: 9702563164668795799

4 tsouns the Sneak (level 1, -1/18 HPs)
             Began as a Demigod Delver on Feb 26, 2021.
             Slain by a worker ant (3 damage)
             ... on level 4 of the Dungeon.
             The game lasted 00:01:01 (319 turns).

tsouns the Sneak (Demigod Delver)                    Turns: 319, Time: 00:01:02

Health: -1/18      AC:  3    Str: 12 (13) XL:     1   Next: 40%
Magic:  3/3        EV: 11    Int:  9 (12) God:
Gold:   0          SH:  0    Dex: 12 (15) Spells: 0/0 levels left

rFire    . . .     SeeInvis .   a - +0 falchion
rCold    . . .     Faith    .   (no shield)
rNeg     . . .     Spirit   .   b - +0 leather armour
rPois    .         Reflect  .   (no helmet)
rElec    .         Harm     .   (no cloak)
rCorr    .         Rampage  .   (no gloves)
Will     .....                  (no boots)
Stlth    ++........             (no amulet)
HPRegen  0.06/turn              (no ring)
MPRegen  0.08/turn              (no ring)

@: hasted, very quick
A: high mp 1
a: no special abilities


You were on level 4 of the Dungeon.
You visited 1 branch of the dungeon, and saw 3 of its levels.

Inventory:

Hand Weapons
 a - a +0 falchion (weapon)
Missiles
 i - 5 javelins (quivered)
Armour
 b - a +0 leather armour (worn)
Wands
 g - a wand of digging (3)
Scrolls
 c - a scroll of fog
 d - a scroll of noise {unknown}
 e - a scroll of fear


   Skills:
 + Level 2.7 Fighting
 + Level 1.8 Long Blades
 + Level 1.8 Dodging
 + Level 4.5 Stealth


You couldn't memorise any spells.
You didn't know any spells.
Your spell library was empty.

Dungeon Overview and Level Annotations

Branches:
Dungeon (5/15)
 Temple: D:4-7


Innate Abilities, Weirdness & Mutations

You have an increased reservoir of magic. (+10% MP)


Message History

The worker ant is moderately wounded.
The worker ant barely misses you.
You riposte.
You hit the worker ant.
The worker ant is moderately wounded.
You closely miss the worker ant.
The worker ant is moderately wounded.
The worker ant barely misses you.
You hit the worker ant but do no damage.
The worker ant is moderately wounded.
The worker ant bites you.
* * * LOW HITPOINT WARNING * * *
You closely miss the worker ant.
The worker ant is moderately wounded.
The worker ant barely misses you.
It was a potion of curing.
You feel better. The worker ant misses you.
It was a potion of degeneration.
There was something very wrong with that liquid.
You feel weakened.
You feel dopey.
You feel clumsy. The worker ant barely misses you.
You hit the worker ant.
The worker ant is severely wounded.
The worker ant misses you.
You riposte.
You hit the worker ant.
The worker ant is severely wounded.
You barely miss the worker ant.
The worker ant is severely wounded.
The worker ant bites you.
You hit the worker ant but do no damage.
The worker ant is severely wounded.
The worker ant bites you.
You closely miss the worker ant.
The worker ant is severely wounded.
The worker ant bites you.
* * * LOW HITPOINT WARNING * * *
You barely miss the worker ant.
The worker ant is severely wounded.
The worker ant bites you.
* * * LOW HITPOINT WARNING * * *
You hit the worker ant but do no damage.
The worker ant is severely wounded.
The worker ant bites you.
You die...

##...#
##.##.####
#........#
.....#####.#
###. #.# #
#.# # #.#
#.#####.#
#..@..<.#
##B###### #.
#. #. (. ##


You could see a worker ant.

Vanquished Creatures
  A leopard gecko (D:4)
  An orc (D:4)
2 creatures vanquished.

Notes
Turn   | Place    | Note
-------+----------+-------------------------------------------
     0 | D:5      | tsouns the Demigod Delver began the quest for the Orb.
     0 | D:5      | Reached XP level 1. HP: 18/18 MP: 3/3
   109 | D:3      | Noticed an orc priest
   109 | D:3      | Noticed an orc wizard
   114 | D:4      | Noticed a worker ant
   319 | D:4      | Slain by a worker ant

Illustrated notes

Levels and vault maps discovered:
D:3:      layout_basic, lightli_sewer_entry_pipes, cheibriados_altar_1,
          uniq_robin, uniq_terence, uniq_grinder
D:4:      cheibrodos_helix_gallery, layout_loops_corners, lemuel_doored_altar,
          uniq_sigmund
D:5:      layout_basic

Action                   || total
-------------------------++-------
Melee: Falchion          ||    19
Throw: Javelin           ||     1
  Use: Potion            ||     3
       Scroll            ||     1
Dodge: Dodged            ||    10
       Rpst.: Falchion   ||     4

Table legend: (Time is in decaauts)
 A = Elapsed time spent in this place.
 B = Non-inter-level travel time spent in this place.
 C = Inter-level travel time spent in this place.
 D = Time resting spent in this place.
 E = Time spent auto-exploring this place.
 F = Levels seen in this place.
 G = Mean time per level.
                   A        B        C        D        E       F      G
               +--------+--------+--------+--------+--------+-----+--------+
         Total |    316 |    316 |      0 |      0 |    224 |   3 |  105.3 |
       Dungeon |    316 |    316 |      0 |      0 |    224 |   3 |  105.3 |
               +--------+--------+--------+--------+--------+-----+--------+

Top non-repeatable levels by time:
     D:4: 277 daAuts
     D:5: 38 daAuts
     D:3: 1 daAuts
